 Dungeon Crawl Stone Soup version 0.31-a0-441-g867994ef1c (webtiles) character file.

Game seed: 16412023410266085964

2246 Shard1697 the Carver (level 9, -1/65 HPs)
             Began as a Demonspawn Artificer on Aug 2, 2023.
             Was a Priest of Fedhas.
             Slain by a cyclops (12 damage)
             ... on level 7 of the Dungeon.
             The game lasted 00:13:03 (7333 turns).

Shard1697 the Carver (Demonspawn Artificer)         Turns: 7333, Time: 00:13:04

Health: -1/65      AC: 11    Str: 14    XL:     9   Next: 15%
Magic:  14/14      EV: 14    Int: 14    God:    Fedhas [***...]
Gold:   387        SH: 12    Dex: 15    Spells: 8/8 levels left

rFire   . . .        i - +3 short sword
rCold   . . .        y - +0 kite shield
rNeg    . . .        g - +1 leather armour {rPois}
rPois   +            v - +2 helmet
rElec   .            r - +0 cloak
rCorr   +            a - +0 pair of gloves
SInv    .            (no boots)
Will    .....        (no amulet)
Stlth   +            s - ring of resist corrosion
HPRegen 1.10/turn    (no ring)
MPRegen 0.14/turn

%: no passive effects
@: mighty, agile, unable to drink
A: powered by pain 1, sharp scales 2, condensation shield, regeneration 1, wild
magic 1, inability to drink after injury 1
a: Renounce Religion, Wall of Briars, Grow Ballistomycete


You were on level 7 of the Dungeon.
You worshipped Fedhas.
Fedhas was most pleased with you.
You visited 1 branch of the dungeon, and saw 7 of its levels.

You collected 387 gold pieces.

Inventory:

Hand Weapons
 i - a +3 short sword (weapon)
 o - a +0 falchion
Missiles
 k - 4 javelins
Armour
 a - a +0 pair of gloves (worn)
 g - a +1 leather armour of poison resistance (worn)
 r - a +0 cloak (worn)
 u - a +0 ring mail
 v - a +2 helmet (worn)
 y - a +0 kite shield (worn)
Jewellery
 s - a ring of resist corrosion (left hand)
Wands
 d - a wand of charming (11)
 j - a wand of iceblast (3)
Scrolls
 b - a scroll of identify
 c - a scroll of blinking {unknown}
 f - a scroll of immolation
 l - a scroll of torment {unknown}
 n - a scroll of vulnerability {unknown}
 z - a scroll of silence {unknown}
 A - a scroll of enchant weapon {unknown}
Potions
 e - 2 potions of curing
 h - a potion of lignification {unknown}
 m - 2 potions of heal wounds {unknown}
 p - 3 potions of attraction {unknown}
 q - 2 potions of resistance {unknown}
 t - 2 potions of mutation
 w - a potion of cancellation
 x - a potion of brilliance {unknown}


   Skills:
 * Level 3.7 Fighting
 * Level 8.7 Long Blades
 - Level 2.0 Maces & Flails
 - Level 1.7 Armour
 - Level 0.8 Dodging
 - Level 0.8 Stealth
 + Level 0.6 Shields
 + Level 7.6 Invocations
 - Level 3.0 Evocations


You had 8 spell levels left.
You didn't know any spells.
Your spell library contained the following spells:

 Spells                   Type           Power      Damage    Failure   Level
 Ignite Poison            Fire/Tmut/Pois 0%         N/A       99%         3
 Sticky Flame             Conj/Fire      0%         2d3       100%        4
 Ignition                 Fire           0%         3d3       100%        8


Dungeon Overview and Level Annotations

Branches:
Dungeon (7/15)             Temple (0/1) D:4

Altars:
Ashenzari
Fedhas
Gozag
Trog
Yredelemnul

Shops:
D:4 =(   D:5 *

Annotations:
D:4 3 runed translucent doors, randomguy2701's ghost, amateur MiFi


Innate Abilities, Weirdness & Mutations

You sometimes gain a little power by taking damage.
You are mostly covered in razor-sharp scales. (AC +2, Slay +2)
A meltable shield of frost defends you. (SH +4)
Your natural rate of healing is unusually fast.
Your spells are a little harder to cast, but a little more powerful.
You occasionally lose the ability to drink potions when taking damage.


Message History

Attack!
Your cyclops barely misses the slime creature.
Your cyclops hits the slime creature! You block the slime creature's attack.
The slime creature hits you!
You hit the slime creature.
The slime creature is moderately wounded.
The slime creature barely misses you.
Your cyclops hits the slime creature! You barely miss the slime creature.
The slime creature is heavily wounded.
You puncture the slime creature!
The slime creature is severely wounded.
You block the slime creature's attack.
Your cyclops hits the slime creature. You puncture the slime creature!
The slime creature is almost dead.
You block the slime creature's attack.
You hit the slime creature.
You kill the slime creature!
Fedhas accepts your kill.
The cyclops is no longer charmed.
Your life force feels restored.
Okay, then.
It was a potion of mutation.
You feel extremely strange.
You begin to heal more quickly.
You occasionally lose the ability to drink potions when taking damage.
You feel less in control of your magic. The cyclops hits you!!
You feel threatened and lose the ability to drink potions!
* * * LOW HITPOINT WARNING * * *
You focus on the pain.
You feel agile all of a sudden.
You cannot drink potions in your current state!
Okay, then.
You puncture the cyclops!
The cyclops is moderately wounded.
You barely miss the cyclops.
The cyclops is moderately wounded.
The cyclops hits you!
You die...
Fedhas appreciates your contribution to the ecosystem.

#.## #.# #.# #.# # #.# ..#
#.# #.# #.# #. #.# ..# #.#
#.# #.# .# ###.# #.# #.#
#.# #.# $#. #.##### #.# #)#
#<# #.# #.# #...... #.# #.#
#.# #.# ####)###.##### #.#
#.####.###.####.....# # ..#
##.##........#...##### #
..###...#.#.###.@C.......##
# ............#
##.#...###.##.#####
....#...##### #.##.##
#...... .......## #.##.#
####.## ....##.# #.##.# #.#
...###.# #.##.# #.# ..##
#.# ..##.# #.#####.## .##
#.# ####.# #......... ..
..# #####.# #######...


You could see a cyclops.

Vanquished Creatures
  Pikel (D:5)
  A slime creature (D:7)
  Menkaure (D:6)
  A water moccasin (D:6)
  2 black bears (D:4)
  2 centaurs
  A phantom (D:4)
  Blork the orc (D:6)
  A gnoll sergeant (D:7)
  2 scorpions (D:5)
  A wight (D:7)
  Dowan (D:4)
  A howler monkey (D:5)
  3 hounds
  4 iguanas
  5 gnolls
  13 adders
  A shadow imp (D:5)
  2 white imps
  An ufetubus (D:5)
  2 worms
  2 dart slugs (D:4)
  12 orcs
  4 endoplasms
  13 goblins
  11 hobgoblins
  7 kobolds
  4 quokkas
  18 ball pythons
  6 bats
  3 frilled lizards
  9 rats
136 creatures vanquished.

Vanquished Creatures (collateral kills)
  An iguana (D:4)
  A dart slug (D:4)
2 creatures vanquished.

Vanquished Creatures (others)
  Duvessa (D:4)
  An orc wizard (D:7)
2 creatures vanquished.

Grand Total: 140 creatures vanquished

Notes
Turn   | Place    | Note
-------+----------+-------------------------------------------
     0 | D:1      | Shard1697 the Demonspawn Artificer began the quest for the
                  | Orb.
     0 | D:1      | Reached XP level 1. HP: 15/15 MP: 1/1
    74 | D:1      | Reached skill level 1 in Maces & Flails
   246 | D:1      | Gained mutation: You are partially covered in razor-sharp
                  | scales. (AC +1, Slay +1) [demonic ancestry]
   246 | D:1      | Reached XP level 2. HP: 18/21 MP: 2/2
  1099 | D:1      | Gained mutation: You are mostly covered in razor-sharp
                  | scales. (AC +2, Slay +2) [demonic ancestry]
  1099 | D:1      | Reached XP level 3. HP: 26/27 MP: 3/3
  1500 | D:2      | Found a blossoming altar of Fedhas.
  1593 | D:2      | Became a worshipper of Fedhas Madash
  2187 | D:2      | Reached XP level 4. HP: 32/34 MP: 4/4
  2243 | D:2      | Reached skill level 1 in Long Blades
  2671 | D:3      | Reached * piety under Fedhas
  3106 | D:3      | Reached skill level 2 in Long Blades
  3482 | D:4      | Found a runed translucent gate.
  3483 | D:4      | Found a runed translucent gate.
  3484 | D:4      | Found a runed translucent gate.
  3485 | D:4      | Found an opulent altar of Gozag.
  3486 | D:4      | Noticed randomguy2701's ghost (amateur MiFi)
  3508 | D:4      | Noticed a black bear
  3516 | D:4      | Reached XP level 5. HP: 39/39 MP: 5/5
  3530 | D:4      | Killed a black bear
  3531 | D:4      | Reached skill level 3 in Long Blades
  3554 | D:4      | Reached ** piety under Fedhas
  3627 | D:4      | Noticed a black bear
  3636 | D:4      | Reached skill level 4 in Long Blades
  3636 | D:4      | Reached XP level 6. HP: 37/46 MP: 6/6
  3638 | D:4      | Reached skill level 1 in Invocations
  3675 | D:4      | Found a bloodstained altar of Trog.
  3686 | D:4      | Found Rashrupny's Jewellery Shop.
  3732 | D:4      | Noticed Dowan
  3732 | D:4      | Noticed Duvessa
  3770 | D:4      | Found Wioklir's Weapon Shop.
  3790 | D:4      | Your ally Duvessa died
  3791 | D:4      | Killed Dowan
  3792 | D:4      | Reached skill level 5 in Long Blades
  3910 | D:4      | Found a staircase to the Ecumenical Temple.
  4002 | D:4      | Gained mutation: You sometimes gain a little power by
                  | taking damage. [demonic ancestry]
  4002 | D:4      | Reached XP level 7. HP: 33/51 MP: 9/9
  4090 | D:4      | Found a broken altar of Ashenzari.
  4611 | D:5      | Entered Level 5 of the Dungeon
  4685 | D:5      | Found Bithruto's General Store.
  5140 | D:5      | Reached skill level 6 in Long Blades
  5608 | D:5      | Found a basalt altar of Yredelemnul.
  5610 | D:5      | Noticed a profane servitor
  5689 | D:5      | Noticed an angel
  5713 | D:6      | Noticed Pikel
  5773 | D:5      | Killed Pikel
  5774 | D:5      | Reached skill level 7 in Long Blades
  5774 | D:5      | Gained mutation: A meltable shield of frost defends you.
                  | (SH +4) [demonic ancestry]
  5774 | D:5      | Reached XP level 8. HP: 26/57 MP: 10/12
  5914 | D:6      | Reached *** piety under Fedhas
  6094 | D:6      | Reached skill level 8 in Long Blades
  6172 | D:6      | Noticed Blork the orc
  6190 | D:6      | Killed Blork the orc
  6525 | D:6      | Noticed Menkaure
  6534 | D:6      | Killed Menkaure
  6882 | D:7      | Reached XP level 9. HP: 33/64 MP: 14/14
  7299 | D:7      | Noticed a cyclops
  7331 | D:7      | Gained mutation: Your natural rate of healing is unusually
                  | fast. [potion of mutation]
  7331 | D:7      | Gained mutation: You occasionally lose the ability to drink
                  | potions when taking damage. [potion of mutation]
  7331 | D:7      | Gained mutation: Your spells are a little harder to cast,
                  | but a little more powerful. [potion of mutation]
  7333 | D:7      | Slain by a cyclops

Illustrated notes

Levels and vault maps discovered:
D:1:      zelgadis_glass_arrival_small, layout_basic
D:2:      layout_basic, basic_altar, minmay_cupped
D:3:      layout_loops_cross
D:4:      layout_basic, mainiacjoe_overflow_24_doors, trog_ov_bears_minmay,
          minmay_temple_entry_trees, serial_shops, shop, kennysheep_mini_moat,
          ebering_ghost_gozag, saegor_snake_ambush, uniq_duvessa
D:5:      layout_basic, grunt_temple_overflow_holy_war, serial_shops,
          nicolae_shop_real_fake_doors
D:6:      layout_cave_pools, uniq_pikel, uniq_blork_the_orc, uniq_menkaure
D:7:      minmay_cornered_nines, layout_loops_ring

Skill      XL: |  1  2  3  4  5  6  7  8 |
---------------+-------------------------+-----
Maces & Flails | 1 2 |  2.0
Fighting       | 2 3 |  3.7
Long Blades    | 2 4 5 7 8 |  8.7
Invocations    | 3 6 7 |  7.6
Armour         | |  1.7
Dodging        | |  0.8
Stealth        | |  0.8
Shields        | |  0.6
Evocations     | |  3.0

Action                     |  1- 3 |  4- 6 |  7- 9 || total
---------------------------+-------+-------+-------++-------
  Melee: Club              |    52 |       |       ||    52
         Short sword       |    86 |   144 |   287 ||   517
         Punch             |     1 |     4 |     3 ||     8
  Evoke: Wand              |     3 |    12 |    13 ||    28
    Use: Potion            |       |     1 |     2 ||     3
         Scroll            |       |       |     9 ||     9
   Stab: Sleeping          |     2 |       |       ||     2
 Armour: Leather armour    |    38 |    17 |     8 ||    63
         Ring mail         |       |    42 |   106 ||   148
  Dodge: Dodged            |    93 |    78 |   136 ||   307
  Block: Other             |       |       |    20 ||    20
         Kite shield       |       |       |    14 ||    14

Table legend: (Time is in decaauts)
 A = Elapsed time spent in this place.
 B = Non-inter-level travel time spent in this place.
 C = Inter-level travel time spent in this place.
 D = Time resting spent in this place.
 E = Time spent auto-exploring this place.
 F = Levels seen in this place.
 G = Mean time per level.
                   A        B        C        D        E       F      G
               +--------+--------+--------+--------+--------+-----+--------+
         Total |   7311 |   7071 |    240 |    873 |   4691 |   7 | 1044.4 |
       Dungeon |   7311 |   7071 |    240 |    873 |   4691 |   7 | 1044.4 |
               +--------+--------+--------+--------+--------+-----+--------+

Top non-repeatable levels by time:
     D:5: 1389 daAuts
     D:2: 1345 daAuts
     D:1: 1321 daAuts
     D:4: 1212 daAuts
     D:3: 764 daAuts
     D:6: 710 daAuts
     D:7: 567 daAuts
